 Dungeon Crawl Stone Soup version 0.25-a0-185-g6cfeca75b2 (webtiles) character file.

Game seed: 217256343024591350, levelgen mode: deterministic

4 vurker the Gusty (level 1, 0/10 HPs)
             Began as a Tengu Air Elementalist on Nov 27, 2019.
             Slain by an adder (3 damage)
             ... on level 1 of the Dungeon.
             The game lasted 00:00:59 (759 turns).

vurker the Gusty (Tengu Air Elementalist)            Turns: 759, Time: 00:01:00

Health: 0/10       AC:  2    Str:  8    XL:     1   Next: 70%
Magic:  1/4        EV: 12    Int: 15    God:
Gold:   46         SH:  0    Dex: 14    Spells: 3/4 levels left

rFire    . . .     SeeInvis +   h - +0 dagger
rCold    . . .     Gourm    .   (no shield)
rNeg     . . .     Faith    .   a - +0 robe
rPois    .         Spirit   .   (helmet restricted)
rElec    .         Reflect  .   (no cloak)
rCorr    .         Harm     .   (no gloves)
MR       .....                  (boots unavailable)
Stlth    ++........             d - amulet of inaccuracy (curse)
HPRegen  0.03/turn              g - ring of see invisible
MPRegen  0.09/turn              (no ring)

@: very slightly contaminated
A: beak, talons 3
a: no special abilities


You were on level 1 of the Dungeon.
You were not hungry.

You visited 1 branch of the dungeon, and saw 2 of its levels.

You collected 46 gold pieces.

Inventory:

Hand Weapons
 h - a +0 dagger (weapon)
   (You took it off a goblin on level 1 of the Dungeon)
Armour
 a - a +0 robe (worn)
Jewellery
 d - a cursed amulet of inaccuracy (around neck)
   (You found it on level 1 of the Dungeon)
 g - a ring of see invisible (left hand)
   (You found it on level 1 of the Dungeon)
Scrolls
 b - a scroll of fear
Potions
 c - a potion of curing {unknown}
 f - a potion of might {unknown}
Comestibles
 e - 3 rations


   Skills:
 + Level 0.1 Fighting
 - Level 2.1 Dodging
 - Level 2.0 Stealth
 * Level 2.1 Spellcasting
 * Level 1.6 Conjurations
 * Level 4.1 Air Magic


You had 3 spell levels left.
You knew the following spells:

 Your Spells              Type           Power        Failure   Level  Hunger
a - Shock                 Conj/Air       ##..         7%          1    #......

Your spell library contained the following spells:

 Spells                   Type           Power        Failure   Level  Hunger
 Swiftness                Chrm/Air       #.......     14%         2    ###....
 Static Discharge         Conj/Air       ##......     21%         3    ###....
 Airstrike                Air            ##........   36%         4    #####..
 Lightning Bolt           Conj/Air       ##........   88%         5    ######.


Dungeon Overview and Level Annotations

Branches:
Dungeon (2/15)

Altars:


Innate Abilities, Weirdness & Mutations

You have a beak for a mouth.
You have claws for feet.


Message History

There is an open door here.
There is a stone staircase leading down here.
Done exploring.
As you read the scroll labeled CIMUW ORPHE APH, it crumbles to dust.
You feel strangely unstable.
It was a scroll of teleportation.
Done exploring.
Unknown command.
Unknown command.
Your surroundings suddenly seem different.
All of the chunks of flesh in your inventory have rotted away.
There is a stone staircase leading down here.
Done exploring.
Done exploring.
You climb downwards.
An adder, a quokka and a kobold come into view.
There is a stone staircase leading up here.
Aim: an adder (resting)
The zap hits the adder.
The adder hisses angrily.
Aim: an adder (lightly wounded)
The zap misses the adder.
Aim: an adder (lightly wounded)
The zap misses the adder.
Aim: an adder (lightly wounded) That beam is likely to hit you.
Continue anyway? [Y]es or [N]o only, please.
That beam is likely to hit you.
Continue anyway? [Y]es or [N]o only, please.
That beam is likely to hit you.
Continue anyway? [Y]es or [N]o only, please.
That beam is likely to hit you.
Continue anyway?
Okay, then.
Okay, then.
The adder bites you. The adder closely misses you.
You climb upwards.
There is a stone staircase leading down here.
Aim: an adder (lightly wounded)
You miscast Shock.
You are very lightly contaminated with residual magic.
You feel a strange surge of energy! The adder misses you.
You don't have enough magic to cast that spell.
You barely miss the adder. Your peck misses the adder. The adder bites you.
You miss the adder. The adder bites you.
Ouch! That really hurt!
* * * LOW HITPOINT WARNING * * *
The adder closely misses you.
You barely miss the adder. You peck the adder.
The adder bites you but does no damage.
You miss the adder. Your kick misses the adder. The adder bites you.
You die...

#...#.##.####.# #.......
#...#.##.# #.# #.......
#)..#.##.# #.###### #.......
####...#.##.####.#....##########.
#..............#.'....'..........
#..###.#..#..###.#....###########
....................###
#..#####..#..###.#..#########
#..#####..#..#..@S.....(....# ###
#..##..........#.#..####....###..
#.........#............'.........
#.######............####....###..
#.# #..#...##.##.####....####.
#.# #..............##.....##..
#.# #.........##.########.##..
#.# #..##.###.##.########.##..
#.# #..##.# #.##.#......(..#..


You could see an adder.

Vanquished Creatures
  A giant cockroach (D:1)
  A kobold (D:1)
  A bat (D:1)
  A goblin (D:1)
  A rat (D:1)
5 creatures vanquished.

Notes
Turn   | Place    | Note
-------+----------+-------------------------------------------
     0 | D:1      | vurker the Tengu Air Elementalist began the quest for the
                  | Orb.
     0 | D:1      | Reached XP level 1. HP: 10/10 MP: 4/4
   759 | D:1      | Slain by an adder

Levels and vault maps discovered:
D:1:      dpeg_arrival_simpleton_a, layout_basic, serial_glass, glass_columns_b,
          glass_columns_a
D:2:      layout_basic, first_ration

Action                   || total
-------------------------++-------
Melee: Dagger            ||     6
       Peck              ||     1
 Cast: Shock             ||    14
  Use: Scroll            ||     2
Armor: Robe              ||     1
Dodge: Dodged            ||     6

Table legend:
 A = Non-vault XP
 B = Vault XP
 C = Vault XP percentage of total XP
 D = Non-vault monster count
 E = Vault monster count
 F = Vault count percentage of total count
                 A         B        C        D         E       F
            +---------+---------+-------+---------+---------+-------
      Total |       7 |       0 |   0.0 |       5 |       0 |   0.0
            +---------+---------+-------+---------+---------+-------
        D:1 |       7 |       0 |   0.0 |       5 |       0 |   0.0
            +---------+---------+-------+---------+---------+-------
